 Dungeon Crawl Stone Soup version 0.30-a0-782-ge64f9170bb (webtiles) character file.

Game seed: 7376692548333319457

69649 Lavandula the Lord of Darkness (level 14, -2/69 HPs)
             Began as a Felid Hedge Wizard on Feb 24, 2023.
             Was the Champion of Kikubaaqudgha.
             Slain by a meliai
             ... wielding a +0 hand axe of freezing
              (3 damage)
             ... on level 14 of the Dungeon on Feb 26, 2023.
             The game lasted 02:29:09 (53597 turns).

Lavandula the Lord of Darkness (FeHW)              Turns: 53597, Time: 02:29:10

Health: -2/69      AC:  3    Str:  6    XL:     14   Next: 91%
Magic:  8/30       EV: 20    Int: 20    God:    Kikubaaqudgha [******]
Gold:   2398       SH:  0    Dex: 14    Spells: 2/36 levels left
                                        Lives:  0   Deaths: 4

rFire   . . .      SeeInvis +    (weapon unavailable)
rCold   + . .      Faith    +    (shield unavailable)
rNeg    . . .      Spirit   .    (body armour unavailable)
rPois   +          Reflect  .    (helmet unavailable)
rElec   .          Harm     .    (cloak unavailable)
rCorr   .          Rampage  .    (gloves unavailable)
Will    +++++                    (boots unavailable)
Stlth   +++                      w - amulet of Luozie {Faith Will+++ Dex-2}
HPRegen 0.31/turn                i - ring of wizardry
MPRegen 0.22/turn                O - ring of poison resistance

@: quick
A: very small, claws 1, fangs 3, see invisible, speed 1, shaggy fur 3, stealthy
paws, no weapons or thrown items, no armour, multi-lived
a: Renounce Religion, Unearth Wretches, Torment


You were on level 14 of the Dungeon.
You worshipped Kikubaaqudgha.
Kikubaaqudgha was exalted by your worship.
You visited 6 branches of the dungeon, and saw 26 of its levels.
You also visited: Bailey, Ice Cave and Volcano.

You collected 2508 gold pieces.
You spent 110 gold pieces at shops.

Inventory:

Jewellery
 e - a +4 ring of protection
 i - a ring of wizardry (left paw)
 k - a +4 ring of protection
 o - a ring of resist corrosion
 s - a ring of ice
 w - the amulet of Luozie (around neck) {Faith Will+++ Dex-2}
   (You acquired it in the Ecumenical Temple)

   [amulet of faith]

   It allows you to gain divine favour quickly.
   Dex:       It affects your dexterity (-2).
   Will:      It greatly increases your willpower.
 J - an amulet of reflection
 O - a ring of poison resistance (right paw)
 P - the ring "Guh Nog" {rF+ Will+ Dex+3}
   (You found it on level 5 of the Lair of Beasts)

   [ring of protection from fire]

   Dex:       It affects your dexterity (+3).
   rF:        It protects you from fire.
   Will:      It increases your willpower.
Wands
 d - a wand of digging (2)
 p - a wand of charming (22)
 B - a wand of mindburst (16)
 D - a wand of flame (78)
 G - a wand of iceblast (5)
 I - a wand of polymorph (4)
 R - a wand of light (27)
Scrolls
 b - 7 scrolls of poison
 q - 6 scrolls of vulnerability
 r - 8 scrolls of immolation
 u - 12 scrolls of teleportation
 x - 5 scrolls of fog
 y - 2 scrolls of torment
 A - a scroll of silence
 C - 2 scrolls of blinking
Potions
 a - 6 potions of magic
 c - 6 potions of might
 f - 6 potions of heal wounds
 g - 5 potions of cancellation
 h - 7 potions of brilliance
 j - 2 potions of haste
 l - 6 potions of curing
 m - a potion of flight
 n - 8 potions of lignification
 t - 3 potions of ambrosia
 v - 2 potions of mutation
 z - 2 potions of attraction
 E - 3 potions of invisibility
 F - 2 potions of resistance
 K - a potion of berserk rage
Miscellaneous
 H - a phantom mirror
 L - a box of beasts


   Skills:
 - Level 12.5 Fighting
 - Level 7.2 Dodging
 - Level 7.2 Stealth
 - Level 11.6 Spellcasting
 - Level 1.9 Conjurations
 - Level 10.0 Summonings
 + Level 16.9 Necromancy
 - Level 1.5 Translocations
 - Level 1.7 Fire Magic
 - Level 10.0 Air Magic
 - Level 5.0 Earth Magic
 - Level 1.2 Poison Magic
 - Level 5.7 Evocations


You had 2 spell levels left.
You knew the following spells:

 Your Spells              Type           Power      Damage    Failure   Level
a - Magic Dart            Conj           76%        1d6       1%          1
b - Call Imp              Summ           51%        N/A       1%          2
c - Blink                 Tloc           34%        N/A       1%          2
d - Mephitic Cloud        Conj/Pois/Air  29%        N/A       1%          3
e - Shock                 Conj/Air       100%       1d9       1%          1
f - Airstrike             Air            25%        2d(4-20)  1%          4
g - Haunt                 Necr/Summ      30%        N/A       9%          7
h - Necrotise             Necr           100%       1d9       0%          1
i - Kiss of Death         Conj/Necr      100%       2d13      1%          1
j - Dispel Undead         Necr           68%        3d23      1%          4
k - Borgnjor's Vile Clut  Necr/Erth      26%        N/A       1%          5
l - Ozocubu's Armour      Ice            11%        N/A       8%          3

Your spell library contained the following spells:

 Spells                   Type           Power      Damage    Failure   Level
 Cigotuvi's Dreadful Rot  Necr/Pois/Air  98%        N/A       1%          2
 Lesser Beckoning         Tloc           34%        N/A       1%          2
 Momentum Strike          Conj/Tloc      36%        3d9       1%          2
 Passwall                 Tmut/Erth      17%        N/A       1%          2
 Scorch                   Fire           36%        2d7       1%          2
 Slow                     Hex            44%        N/A       2%          1
 Ensorcelled Hibernation  Hex/Ice        22%        N/A       3%          2
 Vampiric Draining        Necr           68%        2d10      0%          3
 Kindle Blastsparks       Fire/Tloc/Air  58%        2d14      1%          3
 Stone Arrow              Conj/Erth      50%        3d10      1%          3
 Swiftness                Air            51%        N/A       1%          3
 Agony                    Necr           68%        N/A       1%          5
 Death Channel            Necr           34%        N/A       1%          6
 Dazzling Flash           Conj/Hex       30%        N/A       4%          3
 Summon Cactus Giant      Summ           25%        N/A       6%          6
 Confusing Touch          Hex            11%        N/A       8%          3
 Lee's Rapid Deconstruct  Erth           15%        3d10*     9%          5
 Flame Wave               Conj/Fire      18%        2d7       12%         4
 Iskenderun's Mystic Bla  Conj/Tloc      18%        2d6       12%         4
 Olgreb's Toxic Radiance  Pois           16%        N/A       14%         4
 Fulminant Prism          Conj/Hex       7%         3d7       16%         4
 Borgnjor's Revivificati  Necr           34%        N/A       16%         8
 Infestation              Necr           34%        N/A       16%         8
 Starburst                Conj/Fire      9%         6d5       83%         6
 Death's Door             Necr           34%        N/A       90%         9
 Necromutation            Tmut/Necr      22%        N/A       99%         8
 Ozocubu's Refrigeration  Ice            5%         4d8       100%        7
 Ignition                 Fire           9%         3d5       100%        8
 Lehudib's Crystal Spear  Conj/Erth      12%        10d4      100%        8
 Animate Armour           Summ/Erth      Unusable   N/A       N/A         4

Dungeon Overview and Level Annotations

Branches:
Dungeon (14/15)            Temple (1/1) D:6            Lair (5/5) D:8
 Shoals (3/4) Lair:3        Snake (1/4) Lair:2        Slime (0/5) Lair:5
    Orc (2/2) D:12            Elf (0/3) Orc:2        Bailey (visited)
  IceCv (visited)         Volcano (visited)
 Vaults: D:13-14

Altars:
Ashenzari
Cheibriados
Dithmenos
Elyvilon
Fedhas
Gozag
Hepliaklqana
Kikubaaqudgha
Makhleb
Nemelex Xobeh
Okawaru
Qazlal
Sif Muna
Trog
Uskayaw
Vehumet
Wu Jian
Xom
Yredelemnul
Zin

Shops:
Orc:2 ==!*!![=(   Shoals:1 (   Shoals:3 (

Portals:
Trove: D:10 (give 8 potions of haste)

Annotations:
Snake:1 1 runed translucent door, Asterion; Ofaische's ghost, adept HOFi


Innate Abilities, Weirdness & Mutations

You have sharp claws.
You have razor-sharp teeth.
You have supernaturally acute eyesight. (SInv)
You cover ground quickly. (Speed+)
Your thick and shaggy fur keeps you warm. (AC +3, rC+)
Your paws help you pounce on unaware monsters.
You are incapable of wielding weapons or throwing items.
You cannot wear armour.
You gain extra lives every three experience levels.


Message History

The meliai is lightly wounded.
The zombie hands constrict the meliai.
The zombie hands constrict the meliai!
The zombie hands constrict the meliai!!
You kill the meliai!
Kikubaaqudgha accepts your kill.
The meliai escapes! x2
The meliai invokes the aid of its god against you.
Something smites you!
Casting: Airstrike (safe; 1% risk of failure)
Confirm with . or Enter, or press ? or * to list all spells.
Okay, then.
You feel much better. The meliai misses you.
The meliai stings you but does no damage.
The meliai barely misses you. The meliai completely misses you.
Unknown command.
Unknown command.
Unknown command.
Casting: Airstrike (safe; 1% risk of failure)
Confirm with . or Enter, or press ? or * to list all spells.
Aiming: Airstrike (safe; 1% risk of failure)
Press: ? - help, Dir - move target, f/p - meliai
Aim: a meliai, wielding a +0 hand axe of freezing and wearing a +0 leather armour (moderately wounded, empty space bonus: 0/8)
Okay, then.
Casting: Airstrike (safe; 1% risk of failure)
Confirm with . or Enter, or press ? or * to list all spells.
Aiming: Borgnjor's Vile Clutch (dangerous; 1% risk of failure)
Press: ? - help, Shift-Dir - straight line, f/p - meliai
Aim: a meliai, wielding a +0 hand axe of freezing and wearing a +0 leather armour (moderately wounded, 100% to hit)
Zombie hands grab the meliai. x2
The zombie hands constrict the meliai!
The zombie hands constrict the meliai.
The meliai hits you with a +0 hand axe of freezing!
The meliai freezes you. The meliai stings you.
The meliai mumbles some strange prayers to its god against you.
Something smites you!
* * * LOW HITPOINT WARNING * * *
The meliai hits you with a +0 hand axe of freezing!
* * * LOW HITPOINT WARNING * * *
The meliai freezes you.
You die...
Kikubaaqudgha rasps: "You have failed me!
Welcome... death!"

... ... y.# y.# ..# ..#
########..#####
#...@yy........
#.#######.))... #.# #####
#######.#######.###########
...........................
..........#########..######
#.######..# #..#
#.######..# ##..######
.......'##########'....?...


You could see 2 meliai.

Vanquished Creatures
  Gastronok (Orc:1)
  Nessos (D:14)
  A red draconian (Volcano)
  3 merfolk impalers
  A merfolk javelineer (Shoals:2)
  Fannar (D:10)
  2 hydras
  7 centaur warriors
  The ghost of TryHard88 the Severer, a journeyman FoFi of Okawaru (Lair:2)
  2 ogre magi (Orc:2)
  2 merfolk aquamancers (Shoals:2)
  2 death knights
  15 two-headed ogres
  2 boulder beetles
  An orc high priest (Orc:1)
  2 thrashing horrors (Lair:5)
  3 skeletal warriors (D:13)
  Amaemon (D:9)
  6 skysharks
  8 sea snakes
  A salamander mystic (Snake:1)
  2 wizards (D:14)
  2 bog bodies (IceCv)
  A lindwurm (Lair:5)
  Pikel (D:9)
  8 harpies
  3 deep elf pyromancers
  2 orc sorcerers
  8 ugly things
  3 cyclopes (D:13)
  3 manticores
  2 elephants (Lair:5)
  A merfolk siren (Shoals:2)
  An ice statue (IceCv)
  2 smoke demons (Lair:5)
  5 water nymphs
  A naga mage (Snake:1)
  A torpor snail (Lair:4)
  4 black mambas
  2 gargoyles (D:12)
  13 cane toads
  An orange demon (D:9)
  Maggie (D:6)
  An efreet (D:9)
  2 yaktaurs (Volcano)
  2 kobold demonologists (D:12)
  3 rime drakes
  A tengu conjurer (D:13)
  6 komodo dragons
  An ancient zyme (Lair:5)
  An anaconda simulacrum (IceCv)
  A freezing wraith (IceCv)
  11 merfolk
  A polar bear (Lair:1)
  3 trolls
  A meliai (D:14)
  Grinder (D:4)
  5 wind drakes
  A wind drake (shapeshifter) (D:13)
  4 hornets
  24 blink frogs
  5 snapping turtles
  2 dream sheep (Lair:3)
  2 vampires
  2 dire elephant simulacra (IceCv)
  51 yaks
  2 wyverns
  3 fire bats (Lair:1)
  A shadow (D:9)
  5 water elementals
  5 basilisks
  2 golden eyes (shapeshifter) (Lair:5)
  3 death yak simulacra (IceCv)
  2 steam dragons (D:8)
  2 chaos spawn (Lair:5)
  7 small abominations (Lair:5)
  Menkaure (D:7)
  4 vampire mosquitoes (D:12)
  A harpy simulacrum (IceCv)
  Edmund (D:6)
  3 wargs
  10 nagas
  An acid dragon (D:10)
  12 water moccasins
  13 orc warriors
  A black bear (D:4)
  2 ice beasts (D:7)
  15 ogres
  6 centaurs
  2 wolves (Lair:3)
  8 bullfrogs
  2 kobold brigands
  Blork the orc (D:6)
  A necrophage (D:4)
  A gnoll sergeant (D:9)
  A scorpion (D:7)
  4 two-headed ogre simulacra (IceCv)
  2 cane toad simulacra (IceCv)
  4 wights (D:6)
  The ghost of zibbyzibby the Magician, a weakling TrHW (D:3)
  6 killer bees
  4 howler monkeys
  2 hounds
  9 orc priests
  18 orc wizards
  5 troll simulacra (IceCv)
  3 polar bear simulacra (IceCv)
  6 spriggan simulacra (IceCv)
  5 wolf simulacra (IceCv)
  7 adders
  4 naga simulacra (IceCv)
  6 white imps
  8 ufetubi
  A dart slug (D:4)
  42 orcs
  6 endoplasms
  3 giant cockroaches
  11 goblins
  4 hobgoblins
  2 jackals (D:1)
  A quokka (D:3)
  4 ball pythons
  7 bats
  2 frilled lizards (D:2)
  14 kobolds
  6 rats
576 creatures vanquished.

Vanquished Creatures (collateral kills)
  Polyphemus (Shoals:3)
  A merfolk impaler (Shoals:3)
  2 ogre magi (Orc:2)
  A merfolk avatar (Shoals:2)
  A catoblepas (Shoals:3)
  An anaconda (Snake:1)
  2 merfolk aquamancers (Shoals:2)
  A two-headed ogre (Orc:2)
  4 death yaks (Shoals:3)
  A naga sharpshooter (Snake:1)
  2 ugly things
  An orc sorcerer (Orc:2)
  2 manticores
  2 mana vipers (Snake:1)
  A faun (Shoals:2)
  2 merfolk sirens (Shoals:3)
  2 elephants (Lair:5)
  A black mamba (Snake:1)
  6 merfolk
  A blink frog (Lair:4)
  3 dream sheep (Lair:3)
  3 snapping turtles
  A shadow (D:11)
  5 water elementals (Shoals:2)
  A wraith (D:10)
  A spriggan (shapeshifter) (D:14)
  A vampire (D:11)
  11 yaks
  2 small abominations (Lair:5)
  A warg (Orc:2)
  A naga (Snake:1)
  2 nameless horrors (Shoals:2)
  An orc warrior (Orc:2)
  15 ogres
  2 wolves (Lair:3)
  3 centaurs
  2 kobold brigands
  4 bullfrogs
  A scorpion (D:4)
  A killer bee (D:11)
  A howler monkey (D:4)
  3 orc priests
  3 hounds
  3 iguanas
  4 orc wizards
  5 adders
  A white imp (D:6)
  A dart slug (D:3)
  22 orcs
  3 ball pythons
  3 hobgoblins
  2 jackals
  7 kobolds
  A quokka (D:1)
  A rat (D:2)
156 creatures vanquished.

Vanquished Creatures (others)
  28 fungi
  124 plants
  4 tentacles (Shoals:3)
156 creatures vanquished.

Grand Total: 888 creatures vanquished

Notes
Turn   | Place    | Note
-------+----------+-------------------------------------------
     0 | D:1      | Lavandula the Felid Hedge Wizard began the quest for the
                  | Orb.
     0 | D:1      | Reached XP level 1. HP: 7/7 MP: 5/5
   544 | D:1      | Reached XP level 2. HP: 11/11 MP: 2/7
   547 | D:1      | Learned a level 2 spell: Call Imp
   550 | D:1      | Learned a level 2 spell: Blink
   643 | D:1      | Reached skill level 1 in Conjurations
  1681 | D:2      | Reached XP level 3. HP: 14/14 MP: 6/8
  1685 | D:2      | Learned a level 3 spell: Mephitic Cloud
  1827 | D:2      | Found the +3 pair of seven-league boots {Rampage+∞}
  2843 | D:3      | Reached XP level 4. HP: 18/18 MP: 3/10
  2964 | D:3      | Found a basalt altar of Yredelemnul.
  3314 | D:3      | Noticed zibbyzibby's ghost (weakling TrHW)
  3316 | D:3      | Found a transporter.
  3329 | D:3      | Learned a level 1 spell: Shock
  3378 | D:3      | Found a transporter.
  3480 | D:3      | Found a faded altar of an unknown god.
  3779 | D:4      | Noticed a black bear
  3886 | D:4      | Reached skill level 1 in Air Magic
  3988 | D:4      | Noticed a scorpion
  4006 | D:4      | Reached XP level 5. HP: 20/21 MP: 5/12
  4087 | D:4      | Noticed an ogre
  4095 | D:4      | Killed an ogre
  4112 | D:3      | Gained mutation: You are covered in thick fur. (AC +2)
                  | [Felid growth]
  4112 | D:3      | Reached XP level 6. HP: 9/24 MP: 2/13
  4707 | D:4      | Reached skill level 5 in Spellcasting
  4854 | D:4      | Reached XP level 7. HP: 30/30 MP: 6/15
  4934 | D:4      | Found an opulent altar of Gozag.
  5304 | D:4      | Noticed Grinder
  5318 | D:5      | Entered Level 5 of the Dungeon
  5461 | D:5      | Reached skill level 1 in Poison Magic
  5518 | D:5      | Found a sparkling altar of Nemelex Xobeh.
  5789 | D:5      | Reached skill level 1 in Evocations
  6292 | D:6      | Learned a level 4 spell: Airstrike
  6721 | D:6      | Noticed Maggie
  6818 | D:6      | Slain by Maggie
  6819 | D:6      | Reached XP level 6. HP: -5/26 MP: 3/14
  6820 | D:6      | Found a staircase to the Ecumenical Temple.
  6877 | Temple   | Entered the Ecumenical Temple
  6884 | Temple   | Identified a scroll of acquirement
  6886 | Temple   | Acquired the amulet of Luozie {Faith Will+++ Dex-2}
  6943 | Temple   | Became a worshipper of Kikubaaqudgha
  7095 | D:6      | Found a burning altar of Makhleb.
  7095 | D:6      | Noticed a green death
  7118 | D:6      | Found a radiant altar of Vehumet.
  7222 | D:6      | Noticed Edmund
  7430 | D:7      | Noticed an ice beast
  7486 | D:7      | Killed an ice beast
  7487 | D:7      | Reached XP level 7. HP: 30/30 MP: 3/15
  7692 | D:7      | Noticed Menkaure
  7694 | D:7      | Killed Menkaure
  7695 | D:7      | Reached skill level 5 in Air Magic
  8163 | D:7      | Found a shimmering altar of Xom.
  8307 | D:7      | Learned a level 2 spell: Scorch
  8376 | D:7      | Reached skill level 1 in Fire Magic
  8540 | D:7      | Reached XP level 8. HP: 29/33 MP: 9/17
  8984 | D:8      | Found a flagged portal.
  9027 | Bailey   | Entered a bailey
  9042 | Bailey   | Reached * piety under Kikubaaqudgha
  9042 | Bailey   | Received a gift from Kikubaaqudgha
  9054 | D:8      | Learned a level 1 spell: Necrotise
  9056 | D:8      | Learned a level 1 spell: Kiss of Death
  9167 | D:8      | Reached skill level 2 in Necromancy
  9213 | D:7      | Reached skill level 3 in Necromancy
  9543 | D:8      | Found a staircase to the Lair.
  9586 | D:8      | Reached skill level 5 in Dodging
 10235 | D:8      | Reached XP level 9. HP: 36/36 MP: 0/18
 11011 | D:8      | Found a glowing silver altar of Zin.
 11696 | D:9      | Noticed Amaemon
 11790 | D:9      | Reached skill level 10 in Air Magic
 11810 | D:9      | Noticed a two-headed ogre
 12007 | D:9      | Reached XP level 10. HP: 31/40 MP: 10/19
 12010 | D:9      | Reached ** piety under Kikubaaqudgha
 12043 | D:9      | Learned a level 3 spell: Vampiric Draining
 12306 | D:9      | Noticed Pikel
 12311 | D:9      | Killed Pikel
 12413 | D:9      | Noticed an orange demon
 12563 | D:9      | Killed a two-headed ogre
 12859 | D:9      | Killed Amaemon
 12860 | D:9      | Reached skill level 5 in Evocations
 13360 | D:9      | HP: 1/35 [efreet/bolt of fire (34)]
 13539 | D:9      | Noticed a two-headed ogre
 13562 | D:9      | Killed an orange demon
 13836 | D:9      | Killed a two-headed ogre
 13837 | D:9      | Reached skill level 5 in Fighting
 13985 | D:9      | Reached XP level 11. HP: 48/48 MP: 11/24
 13998 | D:10     | Entered Level 10 of the Dungeon
 14644 | D:10     | Noticed Fannar
 14876 | D:10     | Reached *** piety under Kikubaaqudgha
 14876 | D:10     | Received a gift from Kikubaaqudgha
 14923 | D:10     | Learned a level 5 spell: Borgnjor's Vile Clutch
 14977 | D:10     | Reached skill level 1 in Earth Magic
 15260 | D:10     | Found a portal to a secret trove of treasure.
 15322 | D:10     | HP: 2/48 [Fannar/+0 quarterstaff of freezing (8)]
 15326 | D:10     | Killed Fannar
 15612 | D:11     | Noticed a two-headed ogre
 15660 | Lair:1   | Entered Level 1 of the Lair of Beasts
 15893 | Lair:1   | Reached skill level 5 in Earth Magic
 15939 | Lair:1   | Reached skill level 4 in Necromancy
 15978 | Lair:1   | Found a dark tunnel.
 16068 | Volcano  | Entered a volcano
 16108 | Volcano  | Noticed a centaur warrior
 16155 | Volcano  | HP: 2/48 [centaur warrior/arrow (17)]
 16155 | Volcano  | Shot with an arrow by a centaur warrior
 16156 | Volcano  | Reached XP level 10. HP: 0/45 MP: 23/23
 16163 | Volcano  | Killed a centaur warrior
 16164 | Volcano  | Reached skill level 5 in Necromancy
 16198 | Volcano  | Found a burning altar of Makhleb.
 16233 | Volcano  | Noticed a red draconian
 16332 | Volcano  | Reached skill level 6 in Necromancy
 16519 | Volcano  | Killed a red draconian
 16724 | Volcano  | Reached skill level 7 in Necromancy
 16724 | Volcano  | Reached XP level 11. HP: 38/48 MP: 4/24
 17762 | Lair:1   | Reached **** piety under Kikubaaqudgha
 17829 | Lair:1   | Learned a level 5 spell: Agony
 18341 | Lair:1   | Reached skill level 8 in Necromancy
 19103 | Lair:2   | Reached skill level 9 in Necromancy
 19770 | Lair:2   | Found a staircase to the Snake Pit.
 19897 | Lair:2   | Reached skill level 10 in Necromancy
 20065 | Lair:2   | Reached ***** piety under Kikubaaqudgha
 20193 | Lair:2   | Gained mutation: Your thick and shaggy fur keeps you warm.
                  | (AC +3, rC+) [Felid growth]
 20193 | Lair:2   | Reached XP level 12. HP: 52/52 MP: 6/26
 20572 | Lair:2   | Found a large runed translucent door.
 20572 | Lair:2   | Found a large runed translucent door.
 20573 | Lair:2   | Noticed TryHard88's ghost (journeyman FoFi)
 20596 | Lair:2   | Acquired a ring of wizardry
 21100 | Lair:2   | Killed TryHard88's ghost
 21101 | Lair:2   | Reached skill level 11 in Necromancy
 21385 | D:6      | Killed Maggie
 21766 | D:6      | Killed Edmund
 21927 | D:6      | Noticed Blork the orc
 21936 | D:6      | Killed Blork the orc
 22143 | D:3      | Killed zibbyzibby's ghost
 22521 | D:4      | Killed Grinder
 22715 | Lair:3   | Found a staircase to the Shoals.
 22929 | Lair:3   | Learned a level 6 spell: Death Channel
 23221 | Lair:3   | Reached skill level 12 in Necromancy
 24530 | Lair:3   | Reached skill level 13 in Necromancy
 26461 | Lair:4   | Reached XP level 13. HP: 44/44 MP: 15/27
 27012 | Lair:5   | Entered Level 5 of the Lair of Beasts
 27295 | Lair:5   | Found a staircase to the Slime Pits.
 28091 | Lair:5   | Reached skill level 10 in Fighting
 29994 | Lair:5   | Identified the ring "Guh Nog" {rF+ Will+ Dex+3}
 32348 | D:12     | Found a frozen archway.
 32359 | IceCv    | Entered an ice cave
 32566 | IceCv    | Learned a level 4 spell: Dispel Undead
 34629 | IceCv    | Reached XP level 14. HP: 69/69 MP: 22/28
 34650 | IceCv    | Reached skill level 10 in Spellcasting
 34891 | IceCv    | Learned a level 3 spell: Ozocubu's Armour
 34969 | D:12     | Reached ****** piety under Kikubaaqudgha
 35720 | D:12     | HP: 3/69 [orc priest/divine providence (12)]
 36001 | D:12     | Found a staircase to the Orcish Mines.
 36800 | D:13     | Received a gift from Kikubaaqudgha
 38513 | D:13     | Reached skill level 14 in Necromancy
 38886 | D:14     | Noticed Nessos
 39008 | Orc:1    | Entered Level 1 of the Orcish Mines
 39309 | Orc:1    | Noticed Gastronok
 39458 | Orc:1    | Killed Gastronok
 39561 | Orc:1    | Found a shimmering blue altar of Sif Muna.
 39690 | Orc:2    | Entered Level 2 of the Orcish Mines
 39823 | Orc:2    | Found Agguox's Antique Weapon Shoppe.
 39844 | Orc:2    | Found Ydoog's Antique Armour Shoppe.
 39845 | Orc:2    | Found Ytollias's Jewellery Boutique.
 39878 | Orc:2    | Reached skill level 5 in Summonings
 39889 | Orc:2    | Killed from afar by an ogre mage
 39890 | Orc:2    | Reached XP level 13. HP: -1/56 MP: 11/28
 40706 | Orc:2    | Reached XP level 14. HP: 69/69 MP: 7/29
 41033 | Orc:2    | Found Feis Fun's Distillery.
 41033 | Orc:2    | Found Piepa's Distillery.
 41034 | Orc:2    | Found Fohumoth's General Store.
 41034 | Orc:2    | Found Ablalif's Distillery.
 41215 | Orc:2    | Found Rutafunn's Jewellery Shoppe.
 41259 | Orc:2    | Found Cenolet's Jewellery Shop.
 41472 | Orc:2    | Found a staircase to the Elven Halls.
 42065 | Orc:1    | Noticed an orc warlord
 42264 | Orc:2    | Bought a potion of heal wounds for 55 gold pieces
 42264 | Orc:2    | Bought a potion of heal wounds for 55 gold pieces
 42458 | Shoals:1 | Entered Level 1 of the Shoals
 43241 | D:14     | Killed Nessos
 43605 | D:14     | Slain by a boulder beetle
 43606 | D:14     | Reached XP level 13. HP: 0/65 MP: 2/28
 44187 | Shoals:1 | Reached skill level 10 in Summonings
 44753 | Shoals:1 | Noticed a merfolk impaler
 44762 | Shoals:1 | Killed a merfolk impaler
 45511 | Shoals:1 | Found Licvyp's Antique Weapon Shop.
 45682 | Shoals:2 | Noticed a merfolk javelineer
 45685 | Shoals:2 | Killed a merfolk javelineer
 46145 | Shoals:2 | Noticed a merfolk impaler
 46185 | Shoals:1 | Killed a merfolk impaler
 46336 | Shoals:1 | Reached skill level 5 in Stealth
 46623 | Shoals:2 | Noticed a merfolk impaler
 46630 | Shoals:2 | Killed a merfolk impaler
 47483 | Shoals:2 | Learned a level 7 spell: Haunt
 47523 | Shoals:2 | Reached XP level 14. HP: 63/69 MP: 5/30
 48860 | Shoals:1 | Reached skill level 15 in Necromancy
 50791 | Shoals:3 | Found Urhaj's Weapon Boutique.
 51286 | Shoals:3 | Reached skill level 16 in Necromancy
 51292 | Shoals:3 | Noticed Polyphemus
 51443 | Shoals:3 | Killed Polyphemus
 52172 | Shoals:3 | Noticed a kraken
 52296 | Shoals:3 | Found the +11 Singing Sword {sonic wave}
 52614 | Snake:1  | Entered Level 1 of the Snake Pit
 52614 | Snake:1  | Found a runed translucent door.
 52619 | Snake:1  | Noticed Ofaische's ghost (adept HOFi)
 53218 | Snake:1  | Noticed a nagaraja
 53224 | Snake:1  | Noticed Asterion
 53597 | D:14     | HP: 1/69 [meliai/+0 hand axe of freezing (15)]
 53597 | D:14     | Slain by a meliai

Illustrated notes

Levels and vault maps discovered:
D:1:      dpeg_arrival_round_a, layout_basic
D:2:      minmay_wonky_spiral, layout_loops_ring
D:3:      layout_loops_ring, mainiacjoe_overflow_alcove_1,
          shapermc_ecumenical_altar_ellora, gammafunk_ghost_arena, minivault_24,
          minmay_circle_x
D:4:      layout_loops_ring, mainiacjoe_overflow_boulevard, kennysheep_potato,
          uniq_grinder
D:5:      layout_cave_pools, mainiacjoe_overflow_catwalk
D:6:      minmay_inner_zag, layout_loops_ring, vehumet_altar_wand_db,
          makhleb_altar_promises_db, minmay_temple_entry_waves, uniq_edmund,
          uniq_maggie, uniq_blork_the_orc
D:7:      layout_gridville, brannock_xom_greatest_gift, uniq_menkaure
D:8:      layout_basic, zin_academy, erik_lair_orcish_takeover, enter_bailey_4,
          minivault_21
D:9:      layout_loops_ring, minmay_bent, uniq_amaemon, uniq_pikel
D:10:     layout_irregular_city, nicolae_trove_entry_crystal, uniq_fannar
D:11:     layout_basic
D:12:     layout_roguey, hiddenorc1_lemuel, serial_corexii_hall,
          chequers_hall_statues_wall_a, corexii_hall_statues_x,
          portal_ice_cave_entry_pillars_1, minmay_orc_keep
D:13:     layout_roguey, serial_corexii_hall, corexii_hall_statues_t,
          corexii_hall_statues_s, chequers_hall_statues_y, nicolae_hexahallways,
          kb_rosetta
D:14:     statuecave_lemuel, layout_long_grid,
          hangedman_vaults_entry_quadrant_bands, roderic_serpentine_path,
          kennysheep_pointless_box, uniq_nessos
Temple:   regret_index_temple_waves
Lair:1:   layout_chaotic_city, nicolae_volcano_entry_batcave
Lair:2:   layout_hall_layers, minmay_snake_entry_guardpost_medium,
          ebering_ghost_disaster_area, grunt_megastairs_1, lemuel_fruit_fields
Lair:3:   layout_cave_pods, minmay_shoals_entry_beasts,
          nicolae_quartered_pool_impasse
Lair:4:   layout_regular_city
Lair:5:   hellmonk_lair_end_abyssal_woods, layout_cave_pods, slime_entry_1,
          hibernation_bobbens, infiniplex_staircase_pool_2
Shoals:1: layout_shoals, serial_shops, nicolae_square_shop
Shoals:2: layout_shoals
Shoals:3: layout_shoals, serial_shops, shop, uniq_polyphemus
Snake:1:  layout_cave_pods, ebering_ghost_inner_flame, uniq_asterion
Orc:1:    layout_caves, kennysheep_orc_sif_temple, uniq_gastronok
Orc:2:    st_orc_ogre_mass, layout_diamond_mine, serial_shops,
          nicolae_shop_behind_doors, nicolae_square_shop, shop, shop,
          shop_fountains, nicolae_orc_bridge_out, nicolae_orc_crystal_geode

Skill      XL: |  1  2  3  4  5  6  7  8  9 10 11 12 13 14 |
---------------+-------------------------------------------+-----
Conjurations   | 1 |  1.9
Summonings     | 2 10 9 | 10.0
Spellcasting   | 4 5 8 9 11 10 | 11.6
Air Magic      | 2 3 6 7 10 | 10.0
Fighting       | 2 6 7 12 | 12.5
Dodging        | 3 6 7 |  7.2
Poison Magic   | 1 |  1.2
Evocations     | 3 5 |  5.7
Fire Magic     | 1 |  1.7
Necromancy     | 3 7 10 13 16 | 16.9
Earth Magic    | 5 |  5.0
Stealth        | 7 |  7.2
Translocations | |  1.5

Action                     |  1- 3 |  4- 6 |  7- 9 | 10-12 | 13-15 || total
---------------------------+-------+-------+-------+-------+-------++-------
  Melee: Unarmed           |    19 |    15 |    23 |    10 |   117 ||   184
         Bite              |     1 |       |     3 |     3 |    18 ||    25
         Punch             |       |       |     1 |       |     4 ||     5
   Cast: Magic Dart        |    78 |    71 |    89 |     3 |     1 ||   242
         Call Imp          |    11 |    33 |    45 |    30 |     6 ||   125
         Shock             |       |    14 |   109 |   359 |   167 ||   649
         Mephitic Cloud    |       |     4 |    11 |     2 |     2 ||    19
         Airstrike         |       |     1 |    30 |   255 |   482 ||   768
         Scorch            |       |       |     5 |       |       ||     5
         Necrotise         |       |       |     4 |       |     1 ||     5
         Kiss of Death     |       |       |       |     7 |     7 ||    14
         Borgnjor's Vile C |       |       |       |     7 |   151 ||   158
         Death Channel     |       |       |       |     7 |    29 ||    36
         Dispel Undead     |       |       |       |       |     9 ||     9
         Haunt             |       |       |       |       |    57 ||    57
         Ozocubu's Armour  |       |       |       |       |     5 ||     5
 Invoke: Torment           |       |       |       |     3 |     4 ||     7
         Receive Forbidden |       |       |       |       |     1 ||     1
  Evoke: Wand              |       |       |       |     8 |    14 ||    22
         Phantom mirror    |       |       |       |     1 |     3 ||     4
    Use: Scroll            |       |     7 |     3 |    17 |     9 ||    36
         Potion            |       |       |       |     3 |    13 ||    16
   Stab: Confused          |       |     1 |     1 |       |     1 ||     3
         Invisible         |       |       |       |       |     1 ||     1
 Armour: Skin              |     3 |     5 |    22 |    41 |    80 ||   151
  Dodge: Dodged            |    39 |    41 |   122 |   201 |   415 ||   818

Table legend: (Time is in decaauts)
 A = Elapsed time spent in this place.
 B = Non-inter-level travel time spent in this place.
 C = Inter-level travel time spent in this place.
 D = Time resting spent in this place.
 E = Time spent auto-exploring this place.
 F = Levels seen in this place.
 G = Mean time per level.
                   A        B        C        D        E       F      G
               +--------+--------+--------+--------+--------+-----+--------+
         Total |  49322 |  46777 |   2545 |  20023 |  18491 |  29 | 1700.8 |
       Dungeon |  21389 |  19952 |   1437 |   5846 |  10350 |  14 | 1527.8 |
        Temple |     93 |     57 |     36 |      0 |      2 |   1 |   93.0 |
          Lair |  12750 |  12128 |    622 |   5716 |   4425 |   5 | 2550.0 |
        Shoals |   8554 |   8283 |    271 |   5733 |   1543 |   3 | 2851.3 |
     Snake Pit |    535 |    535 |      0 |    318 |     91 |   1 |  535.0 |
  Orcish Mines |   2901 |   2726 |    175 |    829 |   1347 |   2 | 1450.5 |
        Bailey |     20 |     20 |      0 |      0 |      0 |   1 |   20.0 |
      Ice Cave |   2356 |   2356 |      0 |   1100 |    719 |   1 | 2356.0 |
       Volcano |    720 |    720 |      0 |    479 |     12 |   1 |  720.0 |
               +--------+--------+--------+--------+--------+-----+--------+

Top non-repeatable levels by time:
Shoals:1: 3690 daAuts
Shoals:2: 3624 daAuts
  Lair:5: 3607 daAuts
  Lair:3: 2684 daAuts
  Lair:1: 2594 daAuts
    D:13: 2438 daAuts
  Lair:2: 2406 daAuts
   IceCv: 2356 daAuts
     D:8: 2330 daAuts
   Orc:2: 1972 daAuts
     D:7: 1932 daAuts
     D:9: 1743 daAuts
     D:6: 1737 daAuts
    D:12: 1643 daAuts
    D:10: 1594 daAuts
